 Dungeon Crawl Stone Soup version 0.23-a0-516-g0f8c245 (webtiles) character file.

459 MalarOregon the Chiller (level 7, -10/51 HPs)
             Began as a Merfolk Ice Elementalist on Dec 5, 2018.
             Mangled by Menkaure (22 damage)
             ... on level 4 of the Dungeon.
             The game lasted 00:10:05 (4643 turns).

MalarOregon the Chiller (Merfolk Ice Elementalist)  Turns: 4643, Time: 00:10:06

Health: -10/51     AC:  3    Str:  8    XL:     7   Next: 6%
Magic:  11/11      EV: 17    Int: 16    God:
Gold:   193        SH:  7    Dex: 15    Spells: 9/12 levels left

rFire    . . .     SeeInvis .   o - +2 dagger (holy)
rCold    . . .     Gourm    .   j - +2 buckler
rNeg     . . .     Faith    .   a - +0 robe
rPois    .         Spirit   .   (no helmet)
rElec    .         Reflect  .   q - +0 cloak
rCorr    .         Harm     .   (no gloves)
MR       .....                  (no boots)
Stlth    ++........             (no amulet)
HPRegen  0.17/turn              l - +4 ring of evasion
MPRegen  0.12/turn              (no ring)

@: no status effects
A: change form in water, swift swim, stealthy swim
a: no special abilities


You were on level 4 of the Dungeon.
You were not hungry.

You visited 1 branch of the dungeon, and saw 4 of its levels.

You collected 193 gold pieces.

Inventory:

Hand Weapons
 n - a +0 blowgun
   (You took it off a kobold on level 3 of the Dungeon)
 o - a +2 dagger of holy wrath (weapon)
   (You took it off a kobold on level 3 of the Dungeon)
Missiles
 p - 16 poisoned needles
Armour
 a - a +0 robe (worn)
 j - a +2 buckler (worn)
   (You found it on level 1 of the Dungeon)
 q - a +0 cloak (worn)
   (You found it on level 3 of the Dungeon)
Magical Staves
 r - an uncursed staff of power {!a}
   (You found it on level 4 of the Dungeon)
Jewellery
 l - a +4 ring of evasion (left hand)
   (You found it on level 2 of the Dungeon)
Scrolls
 g - a scroll of teleportation {@r4}
Potions
 b - a potion of magic {unknown}
 c - a potion of heal wounds {@q2}
 d - a potion of cancellation {unknown}
 f - a potion of brilliance
 h - 3 potions of flight
 i - a potion of ambrosia {unknown}
 k - 2 potions of curing {@q1}
Comestibles
 e - 7 rations {!d}
 m - a chunk of flesh


   Skills:
 + Level 2.4 Fighting
 - Level 2.6 Dodging
 - Level 2.1 Stealth
 * Level 2.9 Shields
 + Level 3.1 Spellcasting
 * Level 2.8 Conjurations
 * Level 5.2 Ice Magic


You had 9 spell levels left.
You knew the following spells:

 Your Spells              Type           Power        Failure   Level  Hunger
a - Freeze                Ice            ###.         2%          1    None
x - Throw Frost           Conj/Ice       ###...       6%          2    ##.....

Your spell library contained the following spells:

 Spells                   Type           Power        Failure   Level  Hunger
 Ozocubu's Armour         Chrm/Ice       ##......     22%         3    ###....
 Throw Icicle             Conj/Ice       ###.....     36%         4    ####...
 Summon Ice Beast         Ice/Summ       ##......     56%         4    ####...


Dungeon Overview and Level Annotations

Branches:
Dungeon (4/15)
 Temple: D:4-7

Altars:
Gozag
Nemelex Xobeh
Ru
Yredelemnul

Annotations:
D:3 1 runed door
D:4 Menkaure


Message History

You are feeling hungry.
Eating one of 2 chunks of flesh.
You eat one of the 2 chunks of flesh.
You start resting.
Things that are here:
a cursed -1 rapier; a cursed +0 leather armour; the human skeleton of Eustachio Partly explored, can't reach some places.
You see here a weird glowing staff.
r - a weird glowing staff Wield which item (- for none, * to show all)? (? for menu, Esc to quit)
Your +2 dagger of holy wrath stops glowing.
You feel your magic capacity increase.
r - an uncursed staff of power (weapon)
Wield which item (- for none, * to show all)? (? for menu, Esc to quit)
You feel your magic capacity decrease.
Your +2 dagger of holy wrath softly glows with a divine radiance!
o - a +2 dagger of holy wrath (weapon)
Menkaure shouts!
Menkaure calls on the powers of darkness!
Your body is wracked with pain!
You start resting.
Menkaure is too close now for your liking.
Menkaure calls on the powers of darkness!
Your body is wracked with pain!
* * * LOW HITPOINT WARNING * * *
You hit Menkaure but do no damage. Menkaure closely misses you.
You hit Menkaure but do no damage. You hit Menkaure.
Menkaure convulses.
Menkaure gestures wildly while chanting.
Menkaure seems to speed up.
You hit Menkaure.
Menkaure convulses.
You block Menkaure's attack.
You barely miss Menkaure. You block Menkaure's attack.
Menkaure closely misses you.
You hit Menkaure but do no damage. You block Menkaure's attack.
You hit Menkaure.
Menkaure convulses.
Menkaure barely misses you.
You hit Menkaure but do no damage. Menkaure casts a spell at you.
Pain shoots through your body!
* * * LOW HITPOINT WARNING * * *
You hit Menkaure but do no damage. You block Menkaure's attack.
You hit Menkaure.
Menkaure convulses.
You block Menkaure's attack.
Menkaure points at you and mumbles some strange words.
Pain shoots through your body!
* * * LOW HITPOINT WARNING * * *
You hit Menkaure.
Menkaure convulses.
Menkaure casts a spell at you.
You struggle to resist.
You hit Menkaure.
Menkaure convulses.
Menkaure barely misses you.
You barely miss Menkaure. You block Menkaure's attack.
You hit Menkaure but do no damage. Menkaure hits you!!
You die...

###.## #....._......#
##.# .....###
###.......#..####...
.......#
#.8...8.#.........
##.#.#.#
##.....######.....
##.#.#.# ###.###
##.... #....#.#
########...# ##...
.....#.###.........##
##.#
...........#<####.##
#..#
.......##.......@.#
#.##
#....####.#######M#
#.# ##.#.# #.# #.#
#.# #.#.# #.# #.# #.#
##.#.## #.# #.# #.#
......# #.# #.# #)#
.###..# #.# #.# #.#
.# #..# #.# #.# #.#
.# #..# #.# #.# #.#


You could see Menkaure.

Vanquished Creatures
  Eustachio (D:4)
  Edmund (D:4)
  An iguana (D:4)
  An orc wizard (D:3)
  A worker ant (D:3)
  4 adders
  A worm (D:2)
  2 dart slugs
  2 leopard geckos
  4 orcs (D:3)
  4 giant cockroaches
  6 goblins
  6 hobgoblins
  6 jackals
  16 kobolds
  3 quokkas
  A ball python (D:2)
  A ball python skeleton (D:4)
  4 bats
  5 frilled lizards
  A goblin skeleton (D:3)
  6 rats
77 creatures vanquished.

Notes
Turn   | Place    | Note
-------+----------+-------------------------------------------
     0 | D:1      | MalarOregon the Merfolk Ice Elementalist began the quest
                  | for the Orb.
     0 | D:1      | Reached XP level 1. HP: 13/13 MP: 3/3
   143 | D:1      | Reached XP level 2. HP: 20/20 MP: 0/5
   416 | D:1      | Learned a level 2 spell: Throw Frost
   497 | D:1      | Reached skill level 1 in Fighting
   840 | D:1      | Reached skill level 1 in Conjurations
  1214 | D:2      | Reached XP level 3. HP: 26/26 MP: 0/6
  1792 | D:2      | Reached skill level 4 in Ice Magic
  2158 | D:2      | Found a sacrificial altar of Ru.
  2573 | D:3      | Reached XP level 4. HP: 30/32 MP: 2/7
  2733 | D:3      | Found a runed door.
  2733 | D:3      | Noticed a human
  2765 | D:3      | Found a basalt altar of Yredelemnul.
  2834 | D:3      | Reached skill level 1 in Shields
  3109 | D:3      | Reached XP level 5. HP: 20/37 MP: 1/8
  3776 | D:4      | Found a sparkling altar of Nemelex Xobeh.
  3857 | D:4      | Found an opulent altar of Gozag.
  3895 | D:4      | Noticed Edmund
  3920 | D:4      | Killed Edmund
  3920 | D:4      | Reached XP level 6. HP: 25/44 MP: 0/10
  4235 | D:4      | Noticed Menkaure
  4235 | D:4      | Noticed a phantom
  4392 | D:4      | Noticed Eustachio
  4437 | D:4      | Killed Eustachio
  4437 | D:4      | Reached skill level 5 in Ice Magic
  4437 | D:4      | Reached XP level 7. HP: 44/51 MP: 6/11
  4643 | D:4      | Mangled by Menkaure

Vault maps used:
D:1:      shiori_arrival_elements
D:2:      nicolae_ru_the_path_less_chosen
D:3:      dk_yredelemnul_ordeal
D:4:      grunt_gozag_statues, nemelex_xobeh_ov_fountains_minmay,
          uniq_eustachio, uniq_edmund, uniq_menkaure

Skill      XL: |  1  2  3  4  5  6 |
---------------+-------------------+-----
Fighting       | 1 2 |  2.4
Conjurations   | 1 2 |  2.8
Ice Magic      | 4 5 |  5.2
Shields        | 1 2 |  2.9
Spellcasting   | 3 |  3.1
Dodging        | |  2.6
Stealth        | |  2.1

Action                   |  1- 3 |  4- 6 |  7- 9 || total
-------------------------+-------+-------+-------++-------
Melee: Short sword       |    41 |    14 |       ||    55
       Dagger            |       |    81 |    14 ||    95
 Cast: Freeze            |    45 |    53 |     1 ||    99
       Throw Frost       |    13 |     8 |       ||    21
  Use: Scroll            |     6 |     4 |       ||    10
       Potion            |       |     2 |       ||     2
 Stab: Sleeping          |     2 |     1 |       ||     3
  Eat: Chunk             |     3 |     6 |     2 ||    11
       Ration            |     1 |       |       ||     1
Armor: Robe              |    10 |    14 |       ||    24
       Skin              |       |     1 |       ||     1
Dodge: Dodged            |    44 |    94 |     4 ||   142
Block: Buckler           |     3 |    46 |     6 ||    55

Table legend:
 A = Non-vault XP
 B = Vault XP
 C = Vault XP percentage of total XP
 D = Non-vault monster count
 E = Vault monster count
 F = Vault count percentage of total count
                 A         B        C        D         E       F
            +---------+---------+-------+---------+---------+-------
      Total |     283 |     373 |  56.9 |      74 |       3 |   3.9
            +---------+---------+-------+---------+---------+-------
        D:1 |      31 |       0 |   0.0 |      18 |       0 |   0.0
        D:2 |      46 |       0 |   0.0 |      20 |       0 |   0.0
        D:3 |     168 |       1 |   0.6 |      34 |       1 |   2.9
        D:4 |      38 |     372 |  90.7 |       2 |       2 |  50.0
            +---------+---------+-------+---------+---------+-------
